 Dungeon Crawl Stone Soup version 0.21-a0-529-g8c7b3f5 (webtiles) character file.

36 slep the Chopper (level 3, -3/18 HPs)
             Began as a Vine Stalker Gladiator on Dec 10, 2017.
             Killed from afar by Natasha (4 damage)
             ... with a magic dart
             ... on level 2 of the Dungeon.
             The game lasted 00:02:16 (685 turns).

slep the Chopper (Vine Stalker Gladiator)            Turns: 685, Time: 00:02:17

Health: -3/18      AC:  4    Str: 16    XL:     3   Next: 37%
Magic:  0/4        EV: 13    Int:  8    God:
Gold:   83         SH:  0    Dex: 16    Spells: 2/2 levels left

rFire    . . .     SeeInvis .   a - +0 war axe
rCold    . . .     Gourm    .   (no shield)
rNeg     . . .     Faith    .   b - +0 leather armour
rPois    .         Spirit   +   c - +0 helmet
rElec    .         Reflect  .   (no cloak)
rCorr    .         Harm     .   (no gloves)
MR       .....                  (no boots)
Stlth    +.........             (no amulet)
HPRegen  0.06/turn              (no ring)
MPRegen  0.09/turn              (no ring)

@: no status effects
A: fangs 2, magic shield, antimagic bite, no potion heal 3, rot immunity
a: no special abilities


You were on level 2 of the Dungeon.
You were not hungry.

You visited 1 branch of the dungeon, and saw 2 of its levels.

You collected 83 gold pieces.

Inventory:

Hand Weapons
 a - a +0 war axe (weapon)
Missiles
 d - 3 throwing nets (quivered)
 i - 7 tomahawks
Armour
 b - a +0 leather armour (worn)
 c - a +0 helmet (worn)
Scrolls
 e - 2 scrolls of identify {unknown}
Potions
 h - a potion of might {unknown}
Comestibles
 f - a bread ration
 g - 2 royal jellies


   Skills:
 + Level 2.0 Fighting
 + Level 3.3 Axes
 + Level 1.8 Throwing
 + Level 0.1 Armour
 + Level 2.7 Dodging
 + Level 0.4 Stealth


You had 2 spell levels left.
You didn't know any spells.

Dungeon Overview and Level Annotations

Branches:
Dungeon (2/15)

Altars:

Annotations:
D:2 Natasha


Innate Abilities, Weirdness & Mutations

You have extremely sharp teeth.
When hurt, damage is shared between your health and your magic reserves.
Your bite disrupts and absorbs the magic of your enemies.
Potions cannot restore your health.
You are immune to rotting.


Message History

You closely miss Natasha.
Natasha is moderately wounded.
Natasha claws you! Natasha claws you.
* * * LOW HITPOINT WARNING * * *
You barely miss Natasha. You bite Natasha, but do no damage.
Natasha is moderately wounded.
Natasha closely misses you.
You hit Natasha but do no damage. Your bite misses Natasha.
Natasha is moderately wounded.
Natasha claws you.
* * * LOW HITPOINT WARNING * * *
You completely miss Natasha. You bite Natasha, but do no damage.
Natasha is moderately wounded.
Natasha closely misses you. Natasha claws you.
* * * LOW HITPOINT WARNING * * *
You barely miss Natasha. You bite Natasha, but do no damage.
Natasha is moderately wounded.
Natasha casts a spell at you. The magic dart hits you!
You die...

## ##### #.. .<#.. ##
#.# #.#.# ..
###.#####.#.####.
#......##.#.##..
##.#.##.##.#.##h#
#....##.##.#.##@#.##.#
#..#...................
#..#.###############.##
#..#.# #..#.# #..#.#
##...#.# ##..###.#
...## #..


You could see Natasha.

Vanquished Creatures
  An ooze (D:2)
  A dart slug (D:1)
  A leopard gecko (D:1)
  5 bats
  A giant cockroach (D:1)
  3 goblins (D:1)
  6 hobgoblins (D:1)
  3 frilled lizards
  3 kobolds (D:1)
  3 rats (D:1)
27 creatures vanquished.

Notes
Turn   | Place    | Note
-------+----------+-------------------------------------------
     0 | D:1      | slep the Vine Stalker Gladiator began the quest for the Orb.
     0 | D:1      | Reached XP level 1. HP: 11/11 MP: 2/2
    45 | D:1      | Reached skill level 3 in Axes
    45 | D:1      | Reached XP level 2. HP: 12/15 MP: 3/3
   334 | D:1      | Reached XP level 3. HP: 17/18 MP: 4/4
   677 | D:2      | Noticed Natasha
   685 | D:2      | Killed from afar by Natasha

Vault maps used:
D:1:      dpeg_arrival_tiny_i
D:2:      uniq_natasha

Skill      XL: |  1  2 |
---------------+-------+-----
Axes           | 3 |  3.3
Fighting       | 2 |  2.0
Throwing       | |  1.8
Armour         | |  0.1
Dodging        | |  2.7
Stealth        | |  0.4

Action                   || total
-------------------------++-------
Melee: War axe           ||    74
       Bite              ||    20
 Stab: Sleeping          ||     2
Armor: Leather armour    ||    27
Dodge: Dodged            ||    70

Table legend:
 A = Spawn XP
 B = Non-spawn XP
 C = Spawn XP percentage of total XP
 D = Spawn monster count
 E = Non-spawn monster count
 F = Spawn count percentage of total count
 G = Total turns spent on level
                    A         B        C        D         E        F      G
               +---------+---------+-------+---------+---------+-------+---------
         Total |       0 |      52 |   0.0 |       0 |      27 |   0.0 |   685
               +---------+---------+-------+---------+---------+-------+---------
           D:1 |       0 |      38 |   0.0 |       0 |      22 |   0.0 |   611
           D:2 |       0 |      14 |   0.0 |       0 |       5 |   0.0 |    74
               +---------+---------+-------+---------+---------+-------+---------
